 Dungeon Crawl Stone Soup version 0.31.0-12-g77e489cdc1 (webtiles) character file.

Game seed: 16180380183866867950

312795 cdecastro the Skinwalker (level 20, -3/234 HPs)
             Began as a Black Draconian Shapeshifter on Feb 22, 2024.
             Was an Initiate of Gozag.
             Hit by a large rock thrown by Parghit (26 damage)
             ... on level 3 of the Depths.
             The game lasted 02:50:22 (53060 turns).

cdecastro the Skinwalker (DrSh)                    Turns: 53060, Time: 02:50:23

Health: -3/234     AC: 36    Str: 16    XL:     20   Next: 45%
Magic:  20/20      EV: 18    Int: 17    God:    Gozag
Gold:   9060       SH:  0    Dex: 18    Spells: 19/19 levels left

rFire   + .          .
                       - Unarmed
rCold   + + .        (no shield)
rNeg    + + .        (body armour unavailable)
rPois   ∞            P - +2 hat
rElec   +            A - +0 cloak
rCorr   +            O - melded +1 pair of gloves {Dex+3}
SInv    .            F - melded +0 pair of boots
Will    ++...        D - amulet of regeneration
Stlth   ++++         d - ring "Taadeef" {rN+ Will+ rCorr Int+4}
HPRegen 1.39/turn    B - ring of protection from cold
MPRegen 0.17/turn

%: no passive effects
@: mighty, about to teleport, statue-form, resistant, flying, hasted, studying
Ice Magic
A: slow and powerful, torment resistance 1, flying, boosted hp, (breathe
lightning), AC +10, unfitting armour, big wings, electricity resistance,
cold-blooded
}: 2/15 runes: barnacled, gossamer
a: Begin Untransformation, Renounce Religion, Potion Petition, Call Merchant,
Bribe Branch


You were on level 3 of the Depths.
You worshipped Gozag.
Gozag was greatly pleased with you.
You were a living statue of rough stone.
You visited 8 branches of the dungeon, and saw 36 of its levels.
You visited the Abyss 1 time.
You also visited: Ossuary, Bailey and Ice Cave.

You collected 15237 gold pieces.
You spent 1825 gold pieces at shops.
You paid 4352 gold pieces to Gozag.

Inventory:

Armour
 A - a +0 cloak (worn)
 F - a +0 pair of boots (melded)
 O - a +1 pair of gloves of dexterity (melded)
 P - a +2 hat (worn)
Jewellery
 c - the ring "Ugiub" {rPois Dex+2 SInv}
   (You bought it in a shop on level 15 of the Dungeon)

   [ring of see invisible]

   Dex+2:     It affects your dexterity (+2).
   rPois:     It protects you from poison SInv: It lets you see invisible.
 d - the ring "Taadeef" (left fist) {rN+ Will+ rCorr Int+4}
   (You took it off a deep elf pyromancer in a bailey)

   [ring of willpower]

   Int+4:     It affects your intelligence (+4).
   rN+:       It protects you from negative energy.
   Will+:     It increases your willpower.
   rCorr:     It protects you from acid and corrosion.
 l - a ring of protection from fire
 u - a +5 ring of evasion
 B - a ring of protection from cold (right fist)
 D - an amulet of regeneration (around neck)
 X - a ring of willpower
Talismans
 G - a dragon-blood talisman
 Y - a granite talisman (active)
Wands
 w - a wand of quicksilver (41)
 H - a wand of paralysis (35)
 R - a wand of mindburst (12)
 T - a wand of flame (33)
 W - a wand of digging (4)
 Z - a wand of roots (22)
Scrolls
 f - 5 scrolls of immolation
 h - 2 scrolls of poison
 j - 9 scrolls of teleportation
 m - 3 scrolls of silence
 n - a scroll of butterflies
 p - 7 scrolls of vulnerability
 r - 10 scrolls of fog
 x - 4 scrolls of revelation
 y - 7 scrolls of fear
 E - 3 scrolls of torment
Potions
 a - 5 potions of lignification
 b - 4 potions of magic
 i - 12 potions of curing
 o - 3 potions of resistance
 q - 6 potions of brilliance
 t - 4 potions of might
 v - 6 potions of attraction
 z - 9 potions of enlightenment
 L - 2 potions of berserk rage
 N - 7 potions of haste
 S - 5 potions of cancellation
 V - 2 potions of invisibility
Miscellaneous
 e - a box of beasts
 C - a phial of floods
 J - a lightning rod (4/4)
 M - a phantom mirror
 Q - a condenser vane (inert)


   Skills:
 * Level 15.7 Fighting
 - Level 10.0 Dodging
 - Level 7.1 Stealth
 - Level 16.3 Unarmed Combat
 - Level 18.0 Evocations
 + Level 21.4 Shapeshifting


You had 19 spell levels left.
You didn't know any spells.
Your spell library contained the following spells:

 Spells                   Type           Power      Damage    Failure   Level
 Apportation              Tloc           0%         N/A       24%         1
 Freeze                   Ice            0%         1d3       24%         1
 Kiss of Death            Conj/Necr      0%         2d5       24%         1
 Slow                     Hex            0%         N/A       24%         1
 Summon Small Mammal      Summ           0%         N/A       24%         1
 Cigotuvi's Dreadful Rot  Necr/Alch/Air  0%         N/A       34%         2
 Ensorcelled Hibernation  Hex/Ice        0%         N/A       34%         2
 Jinxbite                 Hex            0%         N/A       34%         2
 Call Canine Familiar     Summ           0%         N/A       56%         3
 Confusing Touch          Hex            0%         N/A       56%         3
 Frozen Ramparts          Ice            0%         1d1       56%         3
 Fugue of the Fallen      Necr           0%         N/A       56%         3
 Hailstorm                Conj/Ice       0%         3d5       56%         3
 Ozocubu's Armour         Ice            0%         N/A       56%         3
 Sigil of Binding         Hex            0%         N/A       56%         3
 Stone Arrow              Conj/Erth      0%         3d7       56%         3
 Tukima's Dance           Hex            0%         N/A       56%         3
 Vampiric Draining        Necr           0%         2d6       56%         3
 Anguish                  Hex/Necr       0%         N/A       93%         4
 Cause Fear               Hex            0%         N/A       93%         4
 Dimensional Bullseye     Hex/Tloc       0%         N/A       93%         4
 Dispel Undead            Necr           0%         3d6       93%         4
 Leda's Liquefaction      Alch/Erth      0%         N/A       93%         4
 Manifold Assault         Tloc           0%         N/A       93%         4
 Martyr's Knell           Necr/Summ      0%         N/A       93%         4
 Olgreb's Toxic Radiance  Alch           0%         N/A       93%         4
 Passage of Golubria      Tloc           0%         N/A       93%         4
 Summon Blazeheart Golem  Fire/Summ      0%         N/A       93%         4
 Vhi's Electric Charge    Tloc/Air       0%         N/A       93%         4
 Alistair's Intoxication  Alch           0%         N/A       100%        5
 Arcjolt                  Conj/Air       0%         1d10      100%        5
 Fireball                 Conj/Fire      0%         3d3       100%        5
 Iskenderun's Battlesphe  Conj           0%         2d6       100%        5
 Lee's Rapid Deconstruct  Erth           0%         3d4*      100%        5
 Summon Forest            Summ/Tloc      0%         N/A       100%        5
 Yara's Violent Unravell  Hex/Alch       0%         3d3       100%        5
 Bombard                  Conj/Erth      0%         9d1       100%        6
 Conjure Ball Lightning   Conj/Air       0%         3x3d6     100%        6
 Death Channel            Necr           0%         N/A       100%        6
 Dispersal                Tloc           0%         N/A       100%        6
 Eringya's Noxious Bog    Alch           0%         4d6       100%        6
 Enfeeble                 Hex            0%         N/A       100%        7
 Ozocubu's Refrigeration  Ice            0%         4d7       100%        7
 Spellforged Servitor     Conj/Summ      0%         N/A       100%        7
 Summon Hydra             Summ           0%         N/A       100%        7
 Discord                  Hex            0%         N/A       100%        8
 Disjunction              Tloc           0%         N/A       100%        8
 Lehudib's Crystal Spear  Conj/Erth      0%         10d2      100%        8
 Maxwell's Capacitive Co  Air            0%         ∞         100%        8
 Dragon's Call            Summ           0%         N/A       100%        9
 Animate Armour           Summ/Erth      Unusable   N/A       N/A         4

Dungeon Overview and Level Annotations

Branches:
Dungeon (15/15)            Temple (1/1) D:5            Lair (5/5) D:10
 Shoals (4/4) Lair:2       Spider (4/4) Lair:2        Slime (0/5) Lair:4
    Orc (2/2) D:9             Elf (2/3) Orc:2        Vaults (0/5) D:14
 Depths (3/4) D:15        Ossuary (visited)          Bailey (visited)
  IceCv (visited)

Altars:
Ashenzari
Cheibriados
Dithmenos
Elyvilon
Fedhas
Gozag
Hepliaklqana
Kikubaaqudgha
Makhleb
Nemelex Xobeh
Okawaru
Qazlal
Ru
Sif Muna
Trog
Uskayaw
Vehumet
Wu Jian
Xom
Yredelemnul
Zin
The Shining One
Lugonu

Shops:
D:6 *   D:10 :   D:11 :   D:15 [=*!   Orc:2 *[:(   Depths:2 *

Portals:
Hell: Depths:1 Depths:2 Depths:3
Abyss: Lair:5 Depths:1
Pandemonium: Depths:1 Depths:2
Ziggurat: Depths:1

Annotations:
Shoals:1 Roxanne
Spider:3 Mara
Elf:1 20 runed translucent doors
Depths:3 Parghit


Innate Abilities, Weirdness & Mutations

You are a living statue of rough stone.
Your actions are slow, but your melee attacks are powerful.
You are resistant to unholy torment.
You are flying.
Your maximum health is greatly increased.
Your equipment is partially melded.
((You can breathe wild blasts of lightning.))
((Your glossy black scales are hard. (AC +10)))
You cannot fit into any form of body armour.
You are immune to poison.
Your large and strong wings let you fly.
You are resistant to electric shocks. (rElec)
You are cold-blooded and may be slowed by cold attacks.


Message History

The spriggan rider barely misses you.
You pummel Parghit!!
Your tail-slap misses Parghit.
Parghit is moderately wounded.
Parghit bites you but does no damage.
Parghit claws you but does no damage. x2
You barely miss Parghit.
You tail-slap Parghit, but do no damage.
You punch Parghit!!
Parghit is lightly wounded.
The spriggan rider closely misses you. x2
Unknown command.
You pummel Parghit!! You punch Parghit!
Parghit is heavily wounded.
Parghit bites you but does no damage. Parghit claws you!
* * * LOW HITPOINT WARNING * * *
Parghit claws you but does no damage.
The spriggan rider hits you from afar with a +0 spear!
* * * LOW HITPOINT WARNING * * *
The spriggan rider hits you from afar with a +3 spear.
* * * LOW HITPOINT WARNING * * *
As you read the scroll of teleportation, it crumbles to dust.
You feel strangely unstable. Parghit bites you!!
* * * LOW HITPOINT WARNING * * *
Parghit closely misses you. Parghit claws you!
* * * LOW HITPOINT WARNING * * *
The spriggan rider closely misses you. The spriggan rider barely misses you.
Unknown command.
Okay, then.
Unknown command. [a] - 672 gold - resistance, might and haste [b] - 105 gold - heal wounds [c] - 690 gold - heal wounds, magic and resistance Purchase which effect?
You feel much better. Magic courses through your body.
You feel protected. Parghit bites you!
* * * LOW HITPOINT WARNING * * *
Parghit claws you but does no damage. x2
Parghit throws a large rock.
The large rock hits you!!
You die...
Your body crumbles into a pile of gold.

. #### .. #..#
... #..# ....
#..# ..... #..#
.....i########..#
....CiT.8?......#
.....i########.##
## ##### #.# 8#
#.# .# #.# .####
#.# ...8# #.#
..<.# #.# ...8#
#.#


You could see Parghit, an ettin, 2 spriggan riders and a spriggan berserker
(berserk, regenerating, strong-willed).

Vanquished Creatures
  Saint Roka (Depths:1)
  A caustic shrike (Depths:1)
  2 tentacled monstrosities
  2 hellephants
  Rupert (Orc:2)
  A deep elf blademaster (Elf:2)
  3 liches
  Polyphemus (Shoals:3)
  A titan (Depths:2)
  2 sphinxes
  2 shadow dragons (Depths:3)
  A daeva (Shoals:3)
  6 azure jellies
  Ilsuiw (Shoals:2)
  A rockslime (IceCv)
  3 emperor scorpions
  4 fire giants
  A deep elf sorcerer (Elf:1)
  2 ghost moths
  5 frost giants
  11 stone giants
  3 broodmothers
  2 very ugly things
  4 quicksilver oozes (IceCv)
  A deep elf demonologist (Elf:1)
  2 deep elf death magi (Elf:1)
  An apis (Shoals:4)
  2 spark wasps
  Snorg (Orc:2)
  3 ettins (Depths:1)
  11 merfolk javelineers
  5 entropy weavers
  A deep elf high priest (Elf:1)
  2 fire dragons
  A shambling mangrove (Abyss:3)
  The ghost of mrw3rdna the Grappler, a journeyman TrSh of Hepliaklqana (Lair:2)
  3 rakshasas
  10 merfolk impalers
  2 ghost crabs (Abyss:3)
  4 vault guards
  Erolcha (Orc:1)
  2 ice dragons
  A hydra (D:14)
  3 merfolk avatars
  Harold (D:11)
  2 ogre magi (D:12)
  3 radroaches
  Fannar (D:11)
  3 spriggan air magi
  3 alligator snapping turtles
  4 catoblepae
  6 centaur warriors
  9 boulder beetles
  6 two-headed ogres
  24 dancing weapons
  6 merfolk aquamancers
  4 death yaks
  7 deep troll earth magi
  3 satyrs
  7 tengu warriors
  4 deep troll shamans
  3 demonic crawlers
  6 hell hogs
  A vampire mage (Depths:1)
  3 occultists
  An orc high priest (Elf:1)
  2 sun demons (Depths:2)
  4 thrashing horrors
  2 spriggan berserkers (Depths:3)
  2 wretched stars (Abyss:3)
  6 skysharks
  11 deep elf knights
  A shadow wraith (Shoals:2)
  3 iron trolls
  A sixfirhy (Depths:2)
  2 pharaoh ants
  3 cherubim (Shoals:4)
  7 sea snakes
  A glowing orange brain (Depths:3)
  23 deep trolls
  2 orb spiders
  9 deep elf archers
  2 orange crystal statues (IceCv)
  2 flayed ghosts
  3 necromancers
  A sun moth (Spider:3)
  6 orc knights
  16 wolf spiders
  13 deep elf zephyrmancers
  21 deep elf pyromancers
  18 harpies
  18 steelbarb worms
  7 manticores
  11 cyclopes
  16 fauns
  7 meliai
  5 orc sorcerers
  A meliai (shapeshifter) (D:15)
  An apocalypse crab (Abyss:3)
  9 merfolk sirens
  42 ugly things
  5 kobold blastminers (Orc:2)
  3 water nymphs
  5 large abominations
  2 moths of wrath
  5 torpor snails
  3 black mambas
  5 smoke demons
  2 gargoyles
  9 cane toads
  2 centaur skeletons (D:15)
  Jeremiah (D:9)
  A kobold demonologist (Abyss:3)
  14 komodo dragons
  A rime drake (shapeshifter) (D:14)
  2 rime drakes
  2 efreet (D:12)
  3 freezing wraiths
  A hellion (Depths:2)
  4 ancient zymes (Abyss:3)
  A yaktaur (D:12)
  8 tengu conjurers
  2 trolls (shapeshifter)
  19 merfolk
  A queen bee (Lair:2)
  5 trolls
  18 tarantellas
  8 hornets
  A tarantella (shapeshifter) (D:15)
  6 wind drakes
  A tyrant leech (Lair:5)
  35 blink frogs
  9 raiju
  2 glass eyes (Depths:3)
  11 snapping turtles
  8 dream sheep
  A spriggan (shapeshifter) (Lair:5)
  5 spriggans
  12 slime creatures
  27 jumping spiders
  An air elemental (Elf:2)
  A centaur simulacrum (D:15)
  A fire bat (D:4)
  A shadow (D:9)
  25 yaks
  16 culicivoras
  A ynoxinul (Lair:5)
  A human (D:11)
  5 fire elementals
  11 water elementals
  3 wraiths
  5 wyverns
  2 steam dragons
  4 hogs (D:11)
  11 basilisks
  A redback simulacrum (D:15)
  36 redbacks
  2 wargs
  2 chaos spawn
  A vampire mosquito (D:13)
  6 great orb of eyes simulacra (IceCv)
  14 water moccasins
  42 orc warriors
  A sky beast (D:7)
  An ice beast (D:7)
  3 black bears
  5 laughing skulls
  5 ogres
  9 small abominations
  18 centaurs
  17 wolves
  6 slime creature simulacra (IceCv)
  A phantom (D:5)
  3 kobold brigands
  An elf zombie (Ossuary)
  A brain worm (Abyss:3)
  A scorpion (D:5)
  A gnoll sergeant (D:12)
  11 bullfrogs
  4 glowing shapeshifter simulacra (IceCv)
  3 earth elementals
  9 wights
  12 killer bees
  5 electric eels
  9 howler monkeys
  3 jellies (D:7)
  3 centaur zombies
  A bombardier beetle (D:6)
  4 crimson imps (D:7)
  3 human zombies (Ossuary)
  5 hounds
  15 orc priests
  19 orc wizards
  A sleepcap (D:6)
  3 iguanas
  8 hound zombies (Ossuary)
  2 mummies (Ossuary)
  10 gnolls
  9 adders
  A shadow imp (D:5)
  4 white imps
  2 ufetubi (D:5)
  5 adder zombies (Ossuary)
  2 dart slugs
  A ribbon worm (D:4)
  80 orcs
  21 endoplasms
  6 giant cockroaches
  6 gnoll zombies (Ossuary)
  8 goblins
  9 hobgoblins
  3 jackals (D:3)
  2 quokkas (D:5)
  3 ball pythons
  2 bats
  4 frilled lizards
  5 jackal zombies (Ossuary)
  23 kobolds
  2 kobold zombies (Ossuary)
  5 orc zombies (Ossuary)
  8 rats
1359 creatures vanquished.

Vanquished Creatures (collateral kills)
  Mlioglotl (Shoals:4)
1 creature vanquished.

Vanquished Creatures (others)
  A deep elf zephyrmancer (Elf:1)
  An unseen horror (Abyss:3)
  A small abomination (Abyss:3)
  2 orcs (Orc:2)
5 creatures vanquished.

Grand Total: 1365 creatures vanquished

Notes
Turn   | Place    | Note
-------+----------+-------------------------------------------
     0 | D:1      | cdecastro the Draconian Shapeshifter began the quest for
                  | the Orb.
     0 | D:1      | Reached XP level 1. HP: 16/16 MP: 1/1
    50 | D:1      | Reached XP level 2. HP: 23/23 MP: 2/2
   844 | D:2      | Reached XP level 3. HP: 7/28 MP: 3/3
  1370 | D:2      | Reached XP level 4. HP: 35/35 MP: 4/4
  2209 | D:3      | Reached skill level 5 in Unarmed Combat
  2209 | D:3      | Reached skill level 4 in Shapeshifting
  2209 | D:3      | Reached XP level 5. HP: 11/40 MP: 5/5
  2727 | D:3      | Found an opulent altar of Gozag.
  2996 | D:3      | Became a worshipper of Gozag Ym Sagoz the Greedy
  3104 | D:4      | Found a white marble altar of Elyvilon.
  3248 | D:4      | Found a transporter.
  3277 | D:4      | Found a transporter.
  3281 | D:4      | Noticed a fire bat
  3353 | D:4      | Found a sparkling altar of Nemelex Xobeh.
  3401 | D:4      | You fall into a shaft and drop 3 floors!
  3425 | D:7      | Found a sand-covered staircase.
  3431 | Ossuary  | Entered an ossuary
  3557 | Ossuary  | Reached XP level 6. HP: 47/47 MP: 6/6
  3790 | Ossuary  | Your scales start taking on a glossy black colour.
  3790 | Ossuary  | Reached XP level 7. HP: 28/52 MP: 7/7
  3790 | Ossuary  | Gained mutation: You are resistant to electric shocks.
                  | (rElec) [Black Draconian growth]
  3909 | Ossuary  | Reached skill level 5 in Shapeshifting
  3983 | D:7      | Noticed a steam dragon
  4041 | D:7      | Killed a steam dragon
  4298 | D:7      | Found a shimmering altar of Xom.
  4323 | D:7      | Reached XP level 8. HP: 49/59 MP: 8/8
  4424 | D:7      | Reached skill level 6 in Shapeshifting
  4629 | D:7      | Noticed a hornet
  4647 | D:7      | Killed a hornet
  4942 | D:7      | Noticed a slime creature
  4951 | D:7      | Killed a slime creature
  5318 | D:6      | Reached skill level 10 in Unarmed Combat
  5378 | D:6      | Found a broken altar of Ashenzari.
  5409 | D:6      | Reached XP level 9. HP: 59/64 MP: 9/9
  5447 | D:6      | Reached skill level 7 in Shapeshifting
  5723 | D:5      | Entered Level 5 of the Dungeon
  5880 | D:4      | Found a glowing silver altar of Zin.
  5880 | D:4      | Found a blossoming altar of Fedhas.
  5884 | D:4      | Found a sacrificial altar of Ru.
  6417 | D:5      | Found a stormy altar of Qazlal.
  6456 | D:5      | Found a staircase to the Ecumenical Temple.
  6500 | Temple   | Entered the Ecumenical Temple
  7195 | D:6      | Found Qidopness's Assorted Antiques.
  7202 | D:6      | Bought a glowing green potion for 22 gold pieces
  7202 | D:6      | Bought a scroll labelled TOATYD ANEDGH for 25 gold pieces
  7202 | D:6      | Bought a purple potion for 22 gold pieces
  7202 | D:6      | Bought an emerald potion for 22 gold pieces
  7460 | D:7      | Found a burning altar of Makhleb.
  7508 | D:7      | Found a bloodstained altar of Trog.
  7999 | D:8      | Found a hide-covered altar of Uskayaw.
  8128 | D:8      | Reached skill level 5 in Fighting
  8220 | D:8      | Noticed a two-headed ogre
  8231 | D:8      | Killed a two-headed ogre
  8232 | D:8      | Reached skill level 8 in Shapeshifting
  8796 | D:9      | Noticed a troll
  8808 | D:9      | Killed a troll
  8809 | D:9      | Reached XP level 10. HP: 47/86 MP: 10/10
  8884 | D:9      | Found a staircase to the Orcish Mines.
  9020 | D:9      | Found a flagged portal.
  9055 | Bailey   | Entered a bailey
  9194 | Bailey   | Noticed an orc knight
  9206 | Bailey   | Killed an orc knight
  9213 | Bailey   | Noticed a deep elf pyromancer
  9333 | Bailey   | Found a large runed translucent door.
  9333 | Bailey   | Found a large runed translucent door.
  9358 | Bailey   | Identified the +1 quarterstaff of Fisir {freeze, rElec rF-
                  | rN+ Str+2}
  9358 | Bailey   | Identified the ring "Taadeef" {rN+ Will+ rCorr Int+4}
  9446 | Bailey   | Killed a deep elf pyromancer
  9447 | Bailey   | Reached skill level 9 in Shapeshifting
  9720 | D:9      | Found a shadowy altar of Dithmenos.
  9810 | D:9      | Noticed Jeremiah
 10010 | D:9      | Killed Jeremiah
 10105 | D:9      | Found an ancient bone altar of Kikubaaqudgha.
 10385 | D:10     | Entered Level 10 of the Dungeon
 10427 | D:9      | Reached skill level 10 in Fighting
 10580 | D:10     | Found a staircase to the Lair.
 10649 | D:10     | Noticed a two-headed ogre
 10657 | D:10     | Killed a two-headed ogre
 10658 | D:10     | Reached XP level 11. HP: 78/102 MP: 11/11
 10844 | D:10     | Found a radiant altar of Vehumet.
 11100 | D:10     | Noticed a two-headed ogre
 11106 | D:10     | Killed a two-headed ogre
 11107 | D:10     | Reached skill level 10 in Shapeshifting
 11457 | D:10     | Found Nyteak's Tiny Tomes.
 11626 | D:11     | Found Ottaetuq's Book Shoppe.
 11676 | D:11     | Found a blossoming altar of Fedhas.
 11710 | D:11     | Noticed Fannar
 11876 | D:11     | Killed Fannar
 11898 | D:11     | Noticed Harold
 12032 | D:11     | Killed Harold
 12594 | D:12     | Noticed a boulder beetle
 12621 | D:11     | Killed a boulder beetle
 12926 | D:12     | Noticed an ogre mage
 12940 | D:12     | Killed an ogre mage
 13053 | D:12     | Reached skill level 11 in Shapeshifting
 13084 | D:12     | Reached XP level 12. HP: 82/116 MP: 12/12
 13124 | D:12     | Identified the +3 flail of Ignis, Healing {freeze, ^Contam
                  | rN+ Dex+2 Stlth+}
 13198 | D:12     | Noticed a centaur warrior
 13207 | D:12     | Killed a centaur warrior
 13778 | D:12     | Noticed an ogre mage
 13786 | D:12     | Killed an ogre mage
 14321 | D:13     | Noticed a two-headed ogre
 14340 | D:13     | Killed a two-headed ogre
 14431 | D:12     | Reached skill level 5 in Dodging
 14683 | D:13     | Noticed a centaur warrior
 14689 | D:13     | Killed a centaur warrior
 14924 | D:13     | Noticed a centaur warrior
 14986 | D:14     | Noticed a centaur warrior
 14991 | D:14     | Killed a centaur warrior
 14992 | D:14     | Reached skill level 12 in Shapeshifting
 15024 | D:14     | Found a gate to the Vaults.
 15024 | D:14     | Noticed a boulder beetle
 15024 | D:14     | Noticed a vault guard
 15024 | D:14     | Noticed a vault guard
 15024 | D:14     | Noticed a vault guard
 15024 | D:14     | Noticed a vault guard
 15024 | D:14     | Noticed a tengu warrior
 15024 | D:14     | Noticed a two-headed ogre
 15048 | D:13     | Killed a two-headed ogre
 15189 | D:12     | Killed a vault guard
 15259 | D:13     | Killed a vault guard
 15459 | D:13     | Killed a centaur warrior
 15532 | D:13     | Noticed a centaur warrior
 15542 | D:13     | Killed a centaur warrior
 15571 | D:14     | Noticed a two-headed ogre
 15576 | D:14     | Killed a two-headed ogre
 15577 | D:14     | Reached XP level 13. HP: 92/124 MP: 13/13
 16443 | D:14     | Reached skill level 13 in Shapeshifting
 16847 | D:14     | Identified the +7 hand axe of Gozag's Whim {elec, Str+3}
 16931 | D:14     | Found a white marble altar of Elyvilon.
 17050 | D:15     | Entered Level 15 of the Dungeon
 17089 | D:14     | Reached skill level 10 in Dodging
 17125 | D:14     | Reached skill level 1 in Evocations
 17486 | D:15     | Identified the +2 pair of boots of the Poles {rElec rF-
                  | rC+++ Str+2}
 17630 | D:15     | Found a shimmering blue altar of Sif Muna.
 17831 | D:15     | Reached skill level 5 in Evocations
 18177 | D:15     | Gained mutation: Your large and strong wings let you fly.
                  | [Black Draconian growth]
 18177 | D:15     | Reached XP level 14. HP: 123/132 MP: 14/14
 18345 | D:15     | Found Ritwoihu's Armour Emporium.
 18421 | D:15     | Bought a +0 hat for 64 gold pieces
 18458 | D:15     | Found a staircase to the Depths.
 18658 | Orc:1    | Entered Level 1 of the Orcish Mines
 18689 | Orc:1    | Noticed Erolcha
 19016 | Orc:1    | Killed Erolcha
 19053 | D:9      | Reached skill level 14 in Shapeshifting
 19221 | Orc:2    | Entered Level 2 of the Orcish Mines
 20016 | Orc:2    | Noticed Rupert
 20102 | Lair:1   | Entered Level 1 of the Lair of Beasts
 21243 | Lair:2   | Found a transporter.
 21247 | Lair:2   | Noticed mrw3rdna's ghost (journeyman TrSh)
 21383 | Lair:2   | Found a transporter.
 21686 | Lair:2   | Reached skill level 10 in Evocations
 22049 | Lair:2   | Found a hole to the Spider Nest.
 22281 | Lair:2   | Found a staircase to the Shoals.
 23099 | Lair:3   | Reached XP level 15. HP: 44/138 MP: 15/15
 23856 | Lair:4   | Reached skill level 15 in Shapeshifting
 24262 | Lair:4   | Found a runed translucent door.
 24581 | Lair:4   | Noticed an azure jelly
 24584 | Lair:4   | Noticed an azure jelly
 24585 | Lair:4   | Found a staircase to the Slime Pits.
 24585 | Lair:4   | Noticed an azure jelly
 24613 | Lair:5   | Entered Level 5 of the Lair of Beasts
 25723 | Lair:5   | Found a corrupted altar of Lugonu.
 25723 | Lair:5   | Found a one-way gate to the infinite horrors of the Abyss.
 26718 | Shoals:1 | Entered Level 1 of the Shoals
 26836 | Shoals:1 | Noticed Roxanne
 26857 | Shoals:1 | Reached skill level 16 in Shapeshifting
 28458 | Shoals:2 | Noticed Ilsuiw
 28754 | Shoals:1 | Reached XP level 16. HP: 146/146 MP: 16/16
 28803 | Shoals:2 | Killed Ilsuiw
 28804 | Shoals:2 | Reached skill level 17 in Shapeshifting
 29235 | Shoals:2 | Identified the staff of Qatyjuppot {*Corrode rPois rF+
                  | Will+ Conj}
 29713 | Shoals:2 | Identified the +1 scale mail of the True Pharaoh {Regen+
                  | Str+5}
 31800 | Shoals:4 | Entered Level 4 of the Shoals
 32252 | Shoals:3 | Reached skill level 1 in Stealth
 32404 | Shoals:4 | Found a glowing golden altar of the Shining One.
 32896 | Shoals:4 | Reached skill level 18 in Shapeshifting
 32932 | Shoals:4 | Got a barnacled rune of Zot
 33033 | Shoals:4 | Found a white marble altar of Elyvilon.
 33033 | Shoals:4 | Noticed Polyphemus
 33052 | Shoals:4 | Reached skill level 5 in Stealth
 33059 | Shoals:4 | Noticed Mlioglotl
 33405 | Shoals:4 | Found a glowing silver altar of Zin.
 33581 | Shoals:3 | Reached XP level 17. HP: 152/152 MP: 17/17
 34384 | Shoals:3 | Killed Polyphemus
 34837 | Shoals:4 | Noticed a bone dragon
 34840 | Shoals:4 | Killed Mlioglotl
 35317 | Lair:2   | Killed mrw3rdna's ghost
 35404 | Lair:2   | Identified the +7 sling "Zorhit" {freeze, rN+}
 36561 | Spider:1 | Entered Level 1 of the Spider Nest
 36996 | Spider:1 | Found a glacial archway.
 37012 | IceCv    | Entered an ice cave
 37830 | IceCv    | Reached skill level 15 in Unarmed Combat
 37842 | IceCv    | Found a viscous altar of Jiyva.
 37914 | IceCv    | Got the ring "Joafuhi" {Ice Str+3}
 38864 | Spider:1 | You are sucked into a shaft and drop 1 floor!
 40315 | Spider:2 | Reached skill level 19 in Shapeshifting
 41072 | Spider:3 | Noticed Mara
 41736 | Spider:4 | Entered Level 4 of the Spider Nest
 41760 | Spider:3 | Reached XP level 18. HP: 146/160 MP: 18/18
 43463 | Spider:4 | Got a gossamer rune of Zot
 43974 | D:15     | Identified 3 scrolls of acquirement
 43974 | D:15     | Acquired 685 gold pieces
 44058 | D:15     | Bought an orange potion for 30 gold pieces
 44070 | D:15     | Bought a potion of heal wounds for 90 gold pieces
 44070 | D:15     | Bought 2 potions of heal wounds for 180 gold pieces
 44070 | D:15     | Bought a potion of resistance for 180 gold pieces
 44075 | D:15     | Bought the ring "Ugiub" {rPois Dex+2 SInv} for 638 gold
                  | pieces
 44284 | Orc:2    | Killed Rupert
 44472 | Orc:2    | Noticed Snorg
 44480 | Orc:2    | Killed Snorg
 44757 | Orc:2    | Found Emoij's Assorted Antiques.
 44758 | Orc:2    | Found Gufostig's Book Emporium.
 44758 | Orc:2    | Found Tich's Armour Boutique.
 44826 | Orc:2    | Found Kumio's Antique Weapon Shoppe.
 44833 | Orc:2    | Bought a scroll of silence for 218 gold pieces
 44833 | Orc:2    | Bought a potion of cancellation for 184 gold pieces
 44964 | Orc:2    | Found a staircase to the Elven Halls.
 45041 | Elf:1    | Entered Level 1 of the Elven Halls
 45610 | Elf:1    | Found a huge runed translucent gate.
 45610 | Elf:1    | Found a huge runed translucent gate.
 45613 | Elf:1    | Found a huge runed translucent gate.
 45613 | Elf:1    | Found a huge runed translucent gate.
 45613 | Elf:1    | Found a huge runed translucent gate.
 45613 | Elf:1    | Found a huge runed translucent gate.
 45613 | Elf:1    | Found a huge runed translucent gate.
 45614 | Elf:1    | Found a huge runed translucent gate.
 45614 | Elf:1    | Found a huge runed translucent gate.
 45614 | Elf:1    | Found a huge runed translucent gate.
 45614 | Elf:1    | Found a huge runed translucent gate.
 45614 | Elf:1    | Found a huge runed translucent gate.
 45615 | Elf:1    | Found a huge runed translucent gate.
 45615 | Elf:1    | Found a huge runed translucent gate.
 45615 | Elf:1    | Found a huge runed translucent gate.
 45616 | Elf:1    | Found a huge runed translucent gate.
 45616 | Elf:1    | Found a huge runed translucent gate.
 45616 | Elf:1    | Found a huge runed translucent gate.
 45616 | Elf:1    | Found a huge runed translucent gate.
 45617 | Elf:1    | Found a huge runed translucent gate.
 46310 | Abyss:3  | Cast into level 3 of the Abyss (a deep elf demonologist)
 46321 | Abyss:3  | Found a corrupted altar of Lugonu.
 46414 | Abyss:3  | Noticed a lich
 46423 | Abyss:3  | Killed a lich
 46434 | Abyss:3  | Noticed a tentacled monstrosity
 46439 | Abyss:3  | Killed a tentacled monstrosity
 46462 | Abyss:3  | Reached skill level 20 in Shapeshifting
 46513 | Elf:2    | Escaped the Abyss
 46527 | Elf:1    | HP: 8/208 [large abomination (19)]
 46658 | Elf:2    | Reached skill level 15 in Evocations
 46719 | Elf:2    | Reached XP level 19. HP: 167/167 MP: 19/19
 46751 | Elf:2    | Found a huge runed translucent gate.
 46751 | Elf:2    | Found a huge runed translucent gate.
 46751 | Elf:2    | Found a huge runed translucent gate.
 46751 | Elf:2    | Found a huge runed translucent gate.
 46757 | Elf:2    | Found a huge runed translucent gate.
 46958 | Elf:2    | Paralysed by an air elemental for 1 turns
 48372 | Depths:1 | Entered Level 1 of the Depths
 48965 | Depths:1 | Found a one-way gateway to a ziggurat.
 49085 | Depths:1 | Found a one-way gate leading to the halls of Pandemonium.
 49131 | Depths:1 | Found a gateway to Hell.
 49131 | Depths:1 | Noticed a hellephant
 49131 | Depths:1 | Noticed a hellephant
 49250 | D:15     | Killed a hellephant
 49415 | Depths:1 | Killed a hellephant
 49873 | Depths:1 | Noticed Saint Roka
 49900 | Depths:1 | Killed Saint Roka
 50093 | Depths:1 | Noticed a caustic shrike
 50409 | Depths:1 | Killed a caustic shrike
 50793 | Depths:2 | Reached XP level 20. HP: 174/174 MP: 20/20
 50810 | Depths:2 | Reached skill level 21 in Shapeshifting
 50911 | Depths:2 | Found Guodgh's General Store.
 50940 | Depths:2 | Bought a scroll of blinking for 150 gold pieces
 51211 | Depths:2 | Found a radiant altar of Vehumet.
 52402 | Depths:3 | Reached skill level 15 in Fighting
 52503 | Depths:3 | HP: 2/231 [fire dragon/blast of flame (38)]
 53040 | Depths:3 | Noticed Parghit
 53058 | Depths:3 | HP: 8/234 [Parghit (15)]
 53060 | Depths:3 | Hit by a large rock thrown by Parghit

Illustrated notes

Levels and vault maps discovered:
D:1:      dpeg_arrival_round_b, layout_basic
D:2:      layout_basic, kennysheep_generic_room_10
D:3:      layout_loops_ring, mainiacjoe_overflow_chevrons
D:4:      gammafunk_cloud_chamber, layout_basic, kennysheep_mini_moat,
          mainiacjoe_overflow_cross_hatched, minitemple
D:5:      layout_basic, grunt_qazlal_clouds, minmay_temple_entry_tees
D:6:      layout_basic, evilmike_ruin_ashenzari, serial_shops,
          nicolae_shop_pleasant_corner_grove, hangedman_glass_teeth,
          nicolae_sextant, chequers_serial_rivers_micro_c, fountainhead
D:7:      lemuel_slime, layout_gridville, trog_hazing_becter, led_xom_imps,
          makhleb_heckhound_becter, nicolae_ossuary_entry_plus
D:8:      layout_basic, nicolae_uskayaw_dance_hall, interstate_on_off,
          reono_crystal_passage, minmay_misc_feat_four_crosses
D:9:      layout_loops_ring, grunt_dithmenos_smoke,
          mainiacjoe_overflow_small_starburst, erik_orc_3, enter_bailey_4,
          uniq_jeremiah
D:10:     layout_loops_cross, lemuel_doored_altar, minmay_lair_entry_grove,
          grunt_ogre_cave, nicolae_shop_i_like_small_books_too
D:11:     layout_long_grid, serial_shops, shop_statue, grunt_livestock,
          corexii_hall_statues_u, fedhas_altar_2, uniq_fannar, uniq_harold
D:12:     minmay_inside_and_out, layout_loops_ring,
          serial_library_regret_index_headful
D:13:     layout_big_octagon, kennysheep_generic_room_8
D:14:     layout_roguey, lightli_vaults_fourway_checkpoint, elyvilon_altar_4,
          roderic_serpentine_path
D:15:     grunt_enter_depths_magical_seal, layout_rooms, serial_shops, shop,
          led_sif_pool
Temple:   hellmonk_temple_two_chambers
Lair:1:   layout_roguey, serial_bayou_lagoon_b, serial_bayou_shore_a
Lair:2:   layout_small_grid, elwin_shoals_entry_rooms,
          hellmonk_spider_entry_life_and_decay, gammafunk_ghost_hive
Lair:3:   layout_cellular_growth, nicolae_lair_run_with_the_wolves,
          grunt_megastairs_2
Lair:4:   layout_long_grid, slime_entry_2, minivault_25, lemuel_fruit_tree,
          infiniplex_staircase_pool
Lair:5:   hellmonk_lair_end_abyssal_woods, layout_regular_city,
          infiniplex_staircase_pool_2
Shoals:1: layout_shoals, kb_tengu_band, uniq_roxanne
Shoals:2: layout_shoals, nicolae_shoals_hidden_pirate_stash, uniq_ilsuiw
Shoals:3: layout_shoals, nicolae_shoals_land_atoll, argonaut_gorgonesque
Shoals:4: shoals_end_hellmonk_holy_island, uniq_polyphemus, uniq_mlioglotl
Spider:1: layout_chambers, portal_ice_cave_entry_frozen_things,
          nicolae_spider_rock_and_or_roll
Spider:2: layout_chambers, nicolae_spider_webs_and_nodes
Spider:3: layout_spider_delve, uniq_mara
Spider:4: hellmonk_spider_rune_bug_friends, nicolae_spider_circle_web
Orc:1:    layout_caves, uniq_erolcha
Orc:2:    st_orc_rangers, layout_diamond_mine, uniq_snorg, uniq_rupert
Elf:1:    minmay_elf_arrival_circle, layout_loops_cross, hangedman_elf_represent
Elf:2:    elven_hall_of_blades_hangedman_alternative [nicolae_blade_lattice],
          layout_geoelf_diagonals, grunt_megastairs_3
Depths:1: layout_cave_pools, enter_ziggurat_f, grunt_hell_horde,
          abyss_entry_small_statue_room, pan_entry,
          chequers_serial_rivers_small_b, drop_trap,
          eino_small_chamber_without_monster, minmay_fractal_squares_gapless_7,
          serial_bayou_shore_b, uniq_saint_roka
Depths:2: wad_arrow_thing, layout_long_grid, serial_shops, shop,
          fiery_altar_vehumet, rand_demon_pan_entry_7, hellmouth_1,
          firewood_loft
Depths:3: regret_index_malice_mire, layout_gridlike, abyss_entry, hell_entry,
          amcnicky_mini_rare_corridor_liquid,
          minmay_staircase_statues_hall_small, uniq_parghit

Skill      XL: |  1  2  3  4  5  6  7  8  9 10 11 12 13 14 15 16 17 18 19 20 |
---------------+-------------------------------------------------------------+-----
Unarmed Combat | 4 5 6 8 10 12 14 16 | 16.3
Shapeshifting  | 4 5 6 8 9 11 12 13 14 16 18 19 20 21 | 21.4
Fighting       | 7 11 13 14 15 | 15.7
Dodging        | 7 10 | 10.0
Evocations     | 5 11 15 17 18 | 18.0
Stealth        | 6 7 |  7.1

Action                     |  1- 3 |  4- 6 |  7- 9 | 10-12 | 13-15 | 16-18 | 19-21 || total
---------------------------+-------+-------+-------+-------+-------+-------+-------++-------
  Melee: Unarmed           |    72 |   261 |   369 |   678 |  1344 |  1501 |   758 ||  4983
         Tailslap          |     6 |    32 |    56 |   114 |   227 |   293 |   171 ||   899
         Punch             |     4 |     7 |     5 |    18 |   102 |   164 |    98 ||   398
         Bite              |       |       |       |       |    19 |    50 |       ||    69
 Invoke: Potion Petition   |       |       |       |     1 |     2 |       |     1 ||     4
         Call Merchant     |       |       |       |       |       |     3 |       ||     3
Ability: Breathe Lightning |       |       |     1 |    11 |     7 |     2 |       ||    21
  Evoke: Wand              |       |       |       |       |    10 |     5 |     5 ||    20
         Condenser vane    |       |       |       |       |       |     1 |     2 ||     3
         Phantom mirror    |       |       |       |       |       |     2 |       ||     2
    Use: Potion            |       |       |     2 |     4 |     1 |    11 |     8 ||    26
         Scroll            |       |       |       |     7 |     5 |    23 |     8 ||    43
   Stab: Sleeping          |     2 |     2 |       |     1 |     3 |    12 |     6 ||    26
         Distracted        |       |     1 |     2 |     4 |     9 |    10 |     2 ||    28
         Invisible         |       |       |       |       |     1 |       |       ||     1
         Petrified         |       |       |       |       |     5 |       |       ||     5
 Armour: Skin              |    28 |   148 |   177 |   588 |  1113 |  2174 |  1196 ||  5424
  Dodge: Dodged            |    46 |   169 |   236 |   497 |  1024 |  2384 |  1206 ||  5562
   Form: Flux              |       |       |     1 |     1 |     1 |       |       ||     3
         Blade             |       |       |       |     2 |     1 |       |       ||     3
         Dragon            |       |       |       |       |     1 |       |       ||     1
         Statue            |       |       |       |       |       |     2 |       ||     2
                           |       |       |       |       |       |     1 |       ||     1
